 Dungeon Sprint DCSS version 0.18.1-50-g88ac8fd (webtiles) character file.

2451 varam the Arsonist (level 9, -2/65 (66) HPs)
             Began as a Hill Orc Fire Elementalist on Oct 12, 2016.
             Was a High Priest of Vehumet.
             Slain by a hell hog (3 damage)
             ... in the Dungeon (Sprint V: "Ziggurat Sprint").
             The game lasted 00:08:53 (566 turns).

varam the Arsonist (Hill Orc Fire Elementalist)      Turns: 566, Time: 00:08:54

HP:   -2/65 (66)    AC:  5    Str: 15    XL:     9   Next: 50%
MP:   5/23          EV: 12    Int: 29    God:    Vehumet [*****.]
Gold: 0             SH:  0    Dex: 11    Spells: 6 memorised, 10 levels left

rFire  + . .     SeeInvis +     y - +14 obsidian axe {chop, +Fly Str+3 SInv *Curse} (curse)
rCold  . . .     Gourm    .     O - +2 leather armour {rF+}
rNeg   . . .     Faith    .     (no shield)
rPois  .         Spirit   .     (no helmet)
rElec  .         Dismiss  .     (no cloak)
rCorr  .         Reflect  .     (no gloves)
SustAt .         Harm     .     (no boots)
MR     .....     NoTele   +     (no amulet)
Stlth  +.........               D - +6 ring of intelligence
                                E - +6 ring of intelligence

@: mesmerised, very slightly contaminated, hasted, very quick, not resistant to
hostile enchantments, very unstealthy
A: frail 2
a: Renounce Religion, Evoke Flight


You were in the Dungeon.
You worshipped Vehumet.
Vehumet was extremely pleased with you.
You were not hungry.

You visited 1 branch

Inventory:

Hand Weapons
 y - the cursed +14 obsidian axe (weapon) {chop, +Fly Str+3 SInv *Curse}
   (You found it in the Dungeon)

   It inflicts extra damage upon your enemies.
   It affects your strength (+3).
   It lets you see invisible.
   It lets you fly.
   It may re-curse itself when equipped.
   It has a curse placed upon it.
 H - the +5 dagger "Zukhynaz" {venom, rN++}
   (You found it in the Dungeon)

   It poisons the flesh of those it strikes.
   It greatly protects you from negative energy.
 K - the cursed +3 dagger of Massacring {elec, MR+}
   (You found it in the Dungeon)

   Occasionally, upon striking a foe, it will discharge some electrical energy
   and cause terrible harm.
   It affects your resistance to hostile enchantments.
   It has a curse placed upon it.
 Q - the +10 falchion "Maban" {venom, rPois MR+ Stlth+}
   (You found it in the Dungeon)

   It poisons the flesh of those it strikes.
   It protects you from poison.
   It affects your resistance to hostile enchantments.
   It makes you more stealthy.
Armour
 a - a +0 robe
 z - the +15 Maxwell's patent armour {-Cast -Tele rElec MR+ rCorr}
   (You found it in the Dungeon)

   It insulates you from electricity.
   It affects your resistance to hostile enchantments.
   It prevents spellcasting.
   It prevents most forms of teleportation.
   It protects you from acid and corrosion.
 A - the +18 shield of the gong {rElec rN+ MR+ EV-5}
   (You found it in the Dungeon)

   It affects your evasion (-5).
   It insulates you from electricity.
   It protects you from negative energy.
   It affects your resistance to hostile enchantments.
 O - a +2 leather armour of fire resistance (worn)
Magical Staves
 J - an uncursed staff of conjuration
 M - an uncursed staff of earth
Jewellery
 B - a +6 ring of dexterity
 C - a +6 ring of dexterity
 D - a +6 ring of intelligence (right hand)
 E - a +6 ring of intelligence (left hand)
 F - a +6 ring of strength
 G - a +6 ring of strength
 L - an uncursed ring of see invisible
 P - an uncursed ring of positive energy
Scrolls
 i - 4 scrolls of blinking
 p - 4 scrolls of amnesia
 q - 3 scrolls of recharging
 r - 7 scrolls of fog
 s - a scroll of holy word
 t - 5 scrolls of identify
 u - 4 scrolls of remove curse
 v - 2 scrolls of fear
 N - a scroll of brand weapon
Potions
 d - 10 potions of curing
 e - 10 potions of heal wounds
 f - 5 potions of haste
 g - 7 potions of magic
 h - 3 potions of berserk rage
 j - 2 potions of brilliance
 k - 2 potions of invisibility
 l - 4 potions of resistance
 n - 5 potions of agility
 o - 5 potions of might
Books
 b - a book of Flames

   Spells                             Type                      Level
   a - Flame Tongue                   Conjuration/Fire             1
   b - Throw Flame                    Conjuration/Fire             2
   c - Conjure Flame                  Conjuration/Fire             3
   d - Inner Flame                    Hexes/Fire                   3
   e - Sticky Flame                   Conjuration/Fire             4
   f - Fireball                       Conjuration/Fire             5
Miscellaneous
 I - a lamp of fire
Comestibles
 c - 5 bread rations
 m - 2 chunks of flesh
 w - 42 fruits
 x - 4 meat rations


   Skills:
 + Level 9.0 Fighting
 + Level 1.2 Armour
 + Level 1.9 Dodging
 - Level 1.5 Stealth
 * Level 10.1 Spellcasting
 + Level 9.2 Conjurations
 + Level 10.5 Fire Magic


You had 10 spell levels left.
You knew the following spells:

 Your Spells              Type           Power        Failure   Level  Hunger
a - Flame Tongue          Conj/Fire      #####        1%          1    None
b - Fireball              Conj/Fire      ######....   1%          5    ###....
c - Conjure Flame         Conj/Fire      ######..     1%          3    None
d - Sticky Flame          Conj/Fire      ######..     1%          4    None
e - Throw Flame           Conj/Fire      ######       1%          2    None
f - Inner Flame           Hex/Fire       #####...     1%          3    None


Dungeon Overview and Level Annotations

Branches:
Dungeon (1/1)

Altars:
Ashenzari
Cheibriados
Dithmenos
Elyvilon
Fedhas
Gozag
Kikubaaqudgha
Makhleb
Nemelex Xobeh
Okawaru
Pakellas
Qazlal
Ru
Sif Muna
Trog
Vehumet
Xom
Yredelemnul
Zin
The Shining One
Beogh
Jiyva
Lugonu


Innate Abilities, Weirdness & Mutations

[You are very frail (-20% HP).]


Message History

The hell hog breathes fire at you.
The fireball explodes!
The fireball engulfs you! You resist.
The fireball engulfs the hell hog.
The hell hog resists.
You closely miss the hell hog.
The hell hog is heavily wounded.
The hell hog bites you!
The large abomination is engulfed in roaring flames.
Unknown command.
You slice the hell hog!!
The hell hog is almost dead.
You are struck by the Hell Sentinel's spines.
* * * LOW HITPOINT WARNING * * *
You hit the Hell Sentinel but do no damage.
The hell hog bites you!
* * * LOW HITPOINT WARNING * * *
The Hell Sentinel completely misses you.
The Hell Sentinel hits you.
* * * LOW HITPOINT WARNING * * *
The hell hog bites you.
You die...

▓..}:=..▓
▓..|):..▓
▓.......▓
▓.*§§§..▓
▓..§X§..▓
▓...§§..▓
▓..h....▓
▓.@1....▓
▓▓▓▓▓▓▓▓▓


You could see a Hell Sentinel, a wretched star, a hell hog and a large
abomination.

Vanquished Creatures
  4 merfolk (D)
  A neqoxec (D)
  2 necrophages (D)
  A phantom (D)
  2 quasits (D)
  A shadow imp (D)
  2 adder zombies (D)
  5 ball pythons (D)
  A ball python zombie (D)
19 creatures vanquished.

Vanquished Creatures (collateral kills)
  A crimson imp (D)
1 creature vanquished.

Vanquished Creatures (others)
  A spatial maelstrom (D)
1 creature vanquished.

Grand Total: 21 creatures vanquished

Notes
Turn   | Place    | Note
--------------------------------------------------------------
     0 | D        | varam the Hill Orc Fire Elementalist began the quest for the Orb.
     0 | D        | Reached XP level 1. HP: 14/14 MP: 3/3
     0 | D        | Found a roughly hewn altar of Beogh.
     0 | D        | Found a viscous altar of Jiyva.
     0 | D        | Found a corrupted altar of Lugonu.
     0 | D        | Found a white marble altar of Elyvilon.
     0 | D        | Found a sparkling altar of Nemelex Xobeh.
     0 | D        | Found a burning altar of Makhleb.
     0 | D        | Found an iron altar of Okawaru.
     0 | D        | Found a deep blue altar of Sif Muna.
     0 | D        | Found a radiant altar of Vehumet.
     0 | D        | Found a bloodstained altar of Trog.
     0 | D        | Found a shimmering altar of Xom.
     0 | D        | Banished a spatial maelstrom
    69 | D        | Became a worshipper of Vehumet
    74 | D        | Entered arena 1.
    74 | D        | Noticed a quasit
    75 | D        | Killed a quasit
    75 | D        | Reached XP level 2. HP: 20/20 MP: 3/6
    75 | D        | Reached XP level 3. HP: 26/26 MP: 4/8
    75 | D        | Noticed an ice devil
    91 | D        | Got the +5 dagger "Zukhynaz" {venom, rN++}
   103 | D        | Entered arena 2.
   109 | D        | Reached * piety under Vehumet
   109 | D        | Offered knowledge of Sandblast by Vehumet.
   109 | D        | Reached skill level 5 in Fire Magic
   109 | D        | Reached XP level 4. HP: 31/33 MP: 10/10
   120 | D        | Entered arena 3.
   120 | D        | Noticed a necrophage
   120 | D        | Noticed a phantom
   120 | D        | Noticed a necrophage
   126 | D        | Killed a necrophage
   126 | D        | Reached ** piety under Vehumet
   126 | D        | Reached skill level 5 in Conjurations
   126 | D        | Reached XP level 5. HP: 36/37 MP: 10/13
   126 | D        | Killed a phantom
   126 | D        | Reached XP level 6. HP: 43/44 MP: 10/15
   127 | D        | Killed a necrophage
   128 | D        | Reached *** piety under Vehumet
   133 | D        | Got the cursed +3 dagger of Massacring {elec, MR+}
   146 | D        | Learned a level 5 spell: Fireball
   279 | D        | Learned a level 3 spell: Conjure Flame
   284 | D        | Learned a level 4 spell: Sticky Flame
   285 | D        | Entered arena 4.
   285 | D        | Noticed a merfolk
   285 | D        | Noticed a merfolk
   285 | D        | Noticed a merfolk
   285 | D        | Noticed a merfolk
   287 | D        | Killed a merfolk
   287 | D        | Offered knowledge of Shock by Vehumet.
   287 | D        | Reached XP level 7. HP: 49/49 MP: 12/19
   288 | D        | Killed a merfolk
   289 | D        | Killed a merfolk
   289 | D        | Reached skill level 10 in Fire Magic
   289 | D        | Reached XP level 8. HP: 32/56 MP: 4/21
   289 | D        | Killed a merfolk
   289 | D        | Reached **** piety under Vehumet
   289 | D        | Reached skill level 10 in Spellcasting
   293 | D        | Learned a level 2 spell: Throw Flame
   535 | D        | Reached XP level 9. HP: 81/81 MP: 23/23
   540 | D        | Learned a level 3 spell: Inner Flame
   541 | D        | Entered arena 5.
   542 | D        | Offered knowledge of Mephitic Cloud by Vehumet.
   555 | D        | Got the +10 falchion "Maban" {venom, rPois MR+ Stlth+}
   556 | D        | Entered arena 6.
   556 | D        | Noticed a hell hog
   556 | D        | Noticed a wretched star
   556 | D        | Noticed a Hell Sentinel
   560 | D        | Reached ***** piety under Vehumet
   560 | D        | Reached skill level 1 in Armour
   566 | D        | HP: 1/65 [Hell Sentinel (5)]
   566 | D        | Slain by a hell hog

Skill      XL: |  1  2  3  4  5  6  7  8  9 |
---------------+----------------------------+-----
Spellcasting   | 3 4 6 8 9 10 | 10.1
Conjurations   | 3 5 6 7 8 9 |  9.2
Fire Magic     | 4 5 6 7 8 10 | 10.5
Fighting       | 8 9 |  9.0
Armour         | 1 |  1.2
Dodging        | |  1.9
Stealth        | |  1.5

Action                   |  1- 3 |  4- 6 |  7- 9 || total
-------------------------+-------+-------+-------++-------
Melee: Broad axe         |    18 |     7 |     2 ||    27
 Cast: Fireball          |       |     1 |     7 ||     8
       Throw Flame       |       |       |     1 ||     1
       Inner Flame       |       |       |     1 ||     1
  Use: Scroll            |       |     1 |       ||     1
       Potion            |       |       |     2 ||     2
Armor: Plate armour      |    21 |     8 |       ||    29
Dodge: Dodged            |     2 |     1 |     1 ||     4
Block: Shield            |    32 |    16 |       ||    48
